 Dungeon Crawl Stone Soup version 0.30-a0-629-gd54f4be4f7 (webtiles) character file.

Game seed: 2001273896653891304

973 porpoise the Chopper (level 7, -2/56 HPs)
             Began as a Demonspawn Gladiator on Jan 13, 2023.
             Was a Follower of Qazlal.
             Slain by an orc warrior
             ... wielding a +0 halberd
              (3 damage)
             ... on level 6 of the Dungeon.
             The game lasted 00:22:57 (5645 turns).

porpoise the Chopper (Demonspawn Gladiator)         Turns: 5645, Time: 00:22:57

Health: -2/56      AC: 15    Str: 16    XL:     7   Next: 94%
Magic:  8/8        EV: 11    Int:  9    God:    Qazlal [*.....]
Gold:   263        SH:  1    Dex: 15    Spells: 6/6 levels left

rFire   . . .      SeeInvis .    a - +0 war axe
rCold   . . .      Faith    .    (no shield)
rNeg    . . .      Spirit   .    g - +0 ring mail
rPois   .          Reflect  .    (helmet restricted)
rElec   .          Harm     .    H - +0 cloak
rCorr   .          Rampage  .    f - +0 pair of gloves
Will    .....                    B - +1 pair of boots
Stlth   +                        (no amulet)
HPRegen 0.29/turn                (no ring)
MPRegen 0.11/turn                (no ring)

@: sanguine armoured
A: horns 1, demonic guardian 1, sanguine armour 1, demonic magic 1
a: Renounce Religion


You were on level 6 of the Dungeon.
You worshipped Qazlal.
Qazlal was aware of your devotion.
You visited 1 branch of the dungeon, and saw 6 of its levels.
You also visited: Ossuary.

You collected 263 gold pieces.

Inventory:

Hand Weapons
 a - a +0 war axe (weapon)
Missiles
 d - 2 throwing nets (quivered)
 e - a javelin
 w - 4 poisoned darts
 F - 2 boomerangs
Armour
 f - a +0 pair of gloves (worn)
 g - a +0 ring mail (worn)
 B - a +1 pair of boots (worn)
 H - a +0 cloak (worn)
Magical Staves
 u - a staff of air
Wands
 D - a wand of charming (2)
Scrolls
 b - a scroll of fear
 i - 2 scrolls of magic mapping
 j - 3 scrolls of fog
 k - a scroll of enchant armour {unknown}
 m - a scroll of vulnerability {unknown}
 p - 3 scrolls of amnesia
 r - a scroll of enchant weapon {unknown}
 y - a scroll of teleportation
 C - a scroll of noise {unknown}
 G - a scroll of poison {unknown}
Potions
 c - a potion of ambrosia {unknown}
 h - 5 potions of brilliance
 l - 4 potions of lignification
 n - 2 potions of resistance
 o - 2 potions of berserk rage {unknown}
 q - 3 potions of curing
 s - a potion of degeneration {unknown}
 t - 8 potions of heal wounds
 v - 3 potions of mutation
 x - 2 potions of haste {unknown}
 z - 2 potions of invisibility {unknown}
 A - a potion of might {unknown}
 E - a potion of magic {unknown}


   Skills:
 - Level 5.0 Fighting
 + Level 7.3 Axes
 - Level 1.7 Throwing
 + Level 1.4 Armour
 - Level 2.6 Dodging
 + Level 2.3 Invocations


You had 6 spell levels left.
You didn't know any spells.
Your spell library contained the following spells:

 Spells                   Type           Power      Damage    Failure   Level
 Apportation              Tloc           0%         N/A       58%         1
 Static Discharge         Conj/Air       0%         2-2/arc   75%         2
 Gell's Gravitas          Tloc           0%         N/A       92%         3
 Ignite Poison            Fire/Tmut/Pois 0%         N/A       92%         3
 Kindle Blastsparks       Fire/Tloc/Air  0%         2d10      92%         3
 Lesser Beckoning         Tloc           0%         N/A       92%         3
 Teleport Other           Tloc           0%         N/A       92%         3
 Vhi's Electric Charge    Tloc/Air       0%         N/A       92%         3
 Alistair's Intoxication  Tmut/Pois      0%         N/A       100%        5
 Arcjolt                  Conj/Air       0%         1d10      100%        5
 Freezing Cloud           Conj/Ice/Air   0%         6-21      100%        5
 Lightning Bolt           Conj/Air       0%         1d11      100%        5


Dungeon Overview and Level Annotations

Branches:
Dungeon (6/15)            Ossuary (visited)
 Temple: D:4-7

Altars:
Dithmenos
Gozag
Hepliaklqana
Okawaru
Qazlal
Sif Muna
Xom

Annotations:
D:6 3 runed translucent doors, HilariousDeathArtist's ghost, novice AtWr


Innate Abilities, Weirdness & Mutations

You have a pair of small horns on your head.
A weak demonic guardian rushes to your aid.
When seriously injured, your blood forms armour. (AC +6)
Spells you cast may paralyse adjacent enemies.


Message History

The howler monkey skeleton closely misses you.
The orc wizard hits you but does no damage.
The orc warrior hits you but does no damage.
You hit the orc warrior but do no damage.
You headbutt the orc warrior, but do no damage.
The orc warrior is severely wounded.
You hit the howler monkey skeleton. You hit the orc wizard.
You kill the orc wizard!
Qazlal accepts your kill.
Your iron imp hits the orc warrior.
The howler monkey skeleton hits you but does no damage.
The orc warrior hits your iron imp with a +0 halberd!
You hit the orc warrior.
The orc warrior is almost dead.
You barely miss the howler monkey skeleton.
The orc warrior misses you.
The howler monkey skeleton hits you but does no damage.
Your iron imp hits the orc warrior but does no damage.
You hit the orc warrior but do no damage.
Your headbutt misses the orc warrior.
The orc warrior is almost dead.
You hit the howler monkey skeleton but do no damage.
The howler monkey skeleton hits you but does no damage.
The orc warrior hits you but does no damage.
Your iron imp hits the orc warrior.
You barely miss the orc warrior.
The orc warrior is almost dead.
You hit the howler monkey skeleton.
You destroy the howler monkey skeleton!
Qazlal accepts your kill.
The orc warrior hits you with a +0 halberd.
* * * LOW HITPOINT WARNING * * *
Your iron imp hits the orc warrior but does no damage.
You hit the orc warrior.
You headbutt the orc warrior, but do no damage.
The orc warrior is almost dead.
The orc warrior closely misses you.
Your iron imp barely misses the orc warrior.
The orc warrior hits you with a +0 halberd.
You die...

# . .## .. #.
#.###########
##.........>.#
##.°.########.#
#..§@)# #.#
#....§o..# #.#
#....5....# #.#
#.........# #.#
#....8.8..# #.#
##.......## #.#
##...8.## ##.#
##..88# #..#
.########.##


You could see an orc warrior (ally target) and a friendly iron imp (summoned).

Vanquished Creatures
  Prince Ribbit (D:5)
  A water moccasin (D:5)
  An ice beast (D:5)
  A scorpion (D:4)
  3 jellies
  A bullfrog skeleton (D:6)
  2 hounds (D:5)
  An iguana (D:4)
  An orc wizard (D:6)
  3 mummies
  Robin (D:3)
  4 gnolls (D:6)
  A howler monkey skeleton (D:6)
  5 adders
  A white imp (D:4)
  An ufetubus (D:6)
  2 adder zombies (Ossuary)
  4 worms
  3 dart slugs
  6 orcs
  6 endoplasms
  7 gnoll zombies (Ossuary)
  14 goblins
  8 hobgoblins
  7 jackals
  9 kobolds
  4 quokkas
  6 ball pythons
  4 bats
  6 frilled lizards
  A goblin zombie (D:4)
  6 hobgoblin zombies
  6 kobold zombies (Ossuary)
  5 orc zombies (Ossuary)
  5 rats
137 creatures vanquished.

Notes
Turn   | Place    | Note
-------+----------+-------------------------------------------
     0 | D:1      | porpoise the Demonspawn Gladiator began the quest for the
                  | Orb.
     0 | D:1      | Reached XP level 1. HP: 16/16 MP: 1/1
   119 | D:1      | Reached skill level 3 in Axes
   255 | D:1      | Gained mutation: When seriously injured, your blood forms
                  | armour. (AC +6) [demonic ancestry]
   255 | D:1      | Reached XP level 2. HP: 22/22 MP: 2/2
   922 | D:2      | Reached XP level 3. HP: 24/28 MP: 3/3
  1693 | D:3      | Noticed Robin
  1706 | D:3      | Killed Robin
  1713 | D:3      | Reached skill level 4 in Axes
  1715 | D:3      | Gained mutation: Spells you cast may paralyse adjacent
                  | enemies. [demonic ancestry]
  1715 | D:3      | Reached XP level 4. HP: 22/34 MP: 4/4
  2739 | D:4      | Found a sand-covered staircase.
  2747 | Ossuary  | Entered an ossuary
  2894 | Ossuary  | Reached XP level 5. HP: 41/41 MP: 5/5
  3626 | D:4      | Found a shimmering blue altar of Sif Muna.
  3629 | D:4      | Found an iron altar of Okawaru.
  3634 | D:4      | Found a stormy altar of Qazlal.
  3635 | D:4      | Found a shimmering altar of Xom.
  3638 | D:4      | Found an opulent altar of Gozag.
  3639 | D:4      | Found a shadowy altar of Dithmenos.
  3652 | D:4      | Became a worshipper of Qazlal Stormbringer
  3723 | D:4      | Reached skill level 5 in Axes
  3855 | D:4      | Gained mutation: A weak demonic guardian rushes to your
                  | aid. [demonic ancestry]
  3855 | D:4      | Reached XP level 6. HP: 37/48 MP: 6/6
  4292 | D:4      | Found a hazy altar of Hepliaklqana.
  4403 | D:5      | Entered Level 5 of the Dungeon
  4529 | D:5      | Noticed an ice beast
  4529 | D:5      | Noticed a water moccasin
  4538 | D:5      | Killed a water moccasin
  4539 | D:5      | Reached skill level 6 in Axes
  4549 | D:5      | Killed an ice beast
  4550 | D:5      | Gained mutation: You have a pair of small horns on your
                  | head. [demonic ancestry]
  4550 | D:5      | Reached XP level 7. HP: 55/55 MP: 7/7
  4907 | D:5      | Noticed Prince Ribbit
  4939 | D:5      | Killed Prince Ribbit
  4940 | D:5      | Reached skill level 5 in Fighting
  4940 | D:5      | Reached skill level 7 in Axes
  5134 | D:5      | Reached skill level 1 in Invocations
  5397 | D:6      | Reached skill level 1 in Armour
  5404 | D:6      | Reached * piety under Qazlal
  5586 | D:6      | Found a runed translucent gate.
  5587 | D:6      | Noticed HilariousDeathArtist's ghost (novice AtWr)
  5588 | D:6      | Found a runed translucent gate.
  5589 | D:6      | Found a runed translucent gate.
  5597 | D:6      | Noticed a wraith
  5644 | D:6      | HP: 1/56 [orc warrior/+0 halberd (5)]
  5645 | D:6      | Slain by an orc warrior

Illustrated notes

Levels and vault maps discovered:
D:1:      dpeg_arrival_round_b, layout_basic, serial_bayou_crossing
D:2:      layout_loops_ring, minmay_between
D:3:      layout_basic, serial_co_window_serial, co_window_paths_a,
          co_window_paths_a, co_window_of_opportunity_a, co_window_corner_a,
          co_window_paths_a, co_window_cross_4, co_window_corner_b,
          co_window_unsneaky_path_c, co_window_4corner_b, glass_columns_a,
          glass_columns_c, uniq_robin
D:4:      minmay_chambers_of_fours, layout_cave_pods,
          nicolae_hepliaklqana_hippocampus, minitemple,
          nicolae_ossuary_entry_giza
D:5:      layout_rooms, serial_rivers, chequers_serial_rivers_room_a,
          chequers_serial_rivers_large_b, chequers_serial_rivers_marsh,
          chequers_serial_rivers_small_3, chequers_serial_rivers_micro_e,
          supply_closet_lemuel, uniq_prince_ribbit1
D:6:      layout_loops_ring, temple_hall, serial_undead, serial_undead_a,
          serial_undead_c, serial_undead_e, serial_undead_b, serial_undead_d,
          gammafunk_ghost_split, uniq_maggie

Skill      XL: |  1  2  3  4  5  6  7 |
---------------+----------------------+-----
Axes           | 3 4 5 6 7 |  7.3
Fighting       | 3 4 5 |  5.0
Invocations    | 2 |  2.3
Armour         | 1 |  1.4
Throwing       | |  1.7
Dodging        | |  2.6

Action                   |  1- 3 |  4- 6 |  7- 9 || total
-------------------------+-------+-------+-------++-------
Melee: War axe           |   131 |   247 |    63 ||   441
       Punch             |       |     3 |       ||     3
       Headbutt          |       |       |    14 ||    14
Throw: Throwing net      |       |     3 |     2 ||     5
       Dart              |       |       |     4 ||     4
  Use: Scroll            |     3 |     8 |       ||    11
 Stab: Held in net/web   |       |     1 |       ||     1
Armor: Ring mail         |    53 |    72 |    45 ||   170
       Leather armour    |     1 |       |       ||     1
Dodge: Dodged            |    74 |   117 |    57 ||   248
Block: Other             |       |       |     2 ||     2

Table legend: (Time is in decaauts)
 A = Elapsed time spent in this place.
 B = Non-inter-level travel time spent in this place.
 C = Inter-level travel time spent in this place.
 D = Time resting spent in this place.
 E = Time spent auto-exploring this place.
 F = Levels seen in this place.
 G = Mean time per level.
                   A        B        C        D        E       F      G
               +--------+--------+--------+--------+--------+-----+--------+
         Total |   5826 |   5510 |    316 |    766 |   3405 |   7 |  832.3 |
       Dungeon |   5483 |   5167 |    316 |    665 |   3405 |   6 |  913.8 |
       Ossuary |    342 |    342 |      0 |    101 |      0 |   1 |  342.0 |
               +--------+--------+--------+--------+--------+-----+--------+

Top non-repeatable levels by time:
     D:4: 1418 daAuts
     D:3: 1152 daAuts
     D:5: 1042 daAuts
     D:1: 820 daAuts
     D:2: 777 daAuts
 Ossuary: 342 daAuts
     D:6: 272 daAuts
